 Dungeon Crawl Stone Soup version 0.31-a0-426-g3a05650e59 (webtiles) character file.

Game seed: 15191886381305869318

1365 Ofeo the Covert (level 8, 0/50 HPs)
             Began as a Kobold Brigand on July 30, 2023.
             Slain by a steam dragon (6 damage)
             ... on level 6 of the Dungeon.
             The game lasted 00:06:29 (6739 turns).

Ofeo the Covert (Kobold Brigand)                    Turns: 6739, Time: 00:06:30

Health: 0/50       AC:  6    Str:  9    XL:     8   Next: 97%
Magic:  8/8        EV: 15    Int: 18    God:
Gold:   286        SH:  0    Dex: 18    Spells: 7/7 levels left

rFire   . . .        a - +3 dagger (heavy)
rCold   . . .        (no shield)
rNeg    . . .        u - +0 ring mail
rPois   +            (no helmet)
rElec   .            c - +0 cloak
rCorr   .            (no gloves)
SInv    .            (no boots)
Will    .....        (no amulet)
Stlth   ++++         n - ring of poison resistance
HPRegen 0.28/turn    m - +6 ring of intelligence
MPRegen 0.11/turn

%: no passive effects
@: no status effects
A: small, no large weapons, nightstalker 3
a: no special abilities


You were on level 6 of the Dungeon.
You visited 1 branch of the dungeon, and saw 6 of its levels.

You collected 286 gold pieces.

Inventory:

Hand Weapons
 a - a +3 heavy dagger (weapon)
Missiles
 d - 13 poisoned darts (quivered)
 e - 3 curare-tipped darts
 y - 4 boomerangs
Armour
 b - a +0 robe
 c - a +0 cloak (worn)
 g - a +0 buckler
 u - a +0 ring mail (worn)
Jewellery
 l - a ring of fire
 m - a +6 ring of intelligence (right hand)
 n - a ring of poison resistance (left hand)
 x - a ring of resist corrosion
Talismans
 v - a beast talisman
Wands
 s - a wand of flame (49)
Scrolls
 i - a scroll of identify {@r1}
 j - 4 scrolls of teleportation {@r3}
 k - 2 scrolls of poison
 o - a scroll of brand weapon
 r - 2 scrolls of fear
 w - a scroll of amnesia
Potions
 f - a potion of brilliance
 h - a potion of heal wounds {@q2}
 p - a potion of haste {@q3}
 q - a potion of curing {@q1}
 t - a potion of mutation
 z - a potion of attraction {unknown}


   Skills:
 + Level 5.4 Fighting
 + Level 6.5 Short Blades
 + Level 5.4 Throwing
 + Level 5.5 Dodging
 + Level 8.4 Stealth


You had 7 spell levels left.
You didn't know any spells.
Your spell library contained the following spells:

 Spells                   Type           Power      Damage    Failure   Level
 Kiss of Death            Conj/Necr      0%         2d5       52%         1
 Blink                    Tloc           0%         N/A       67%         2
 Lesser Beckoning         Tloc           0%         N/A       67%         2
 Momentum Strike          Conj/Tloc      0%         3d8       67%         2
 Confusing Touch          Hex            0%         N/A       88%         3
 Dispel Undead            Necr           0%         3d6       99%         4


Dungeon Overview and Level Annotations

Branches:
Dungeon (6/15)
 Temple: D:4-7

Altars:
Fedhas
Vehumet
Zin

Shops:
D:6 =


Innate Abilities, Weirdness & Mutations

You are small and have problems with some larger weapons.
You are completely attuned to the shadows.


Message History

Anything else - Cancel.
Okay, then.
The steam dragon completely misses you. The steam dragon claws you.
You take 1 damage, and have 16/50 hp.
You closely miss the steam dragon. The steam dragon barely misses you.
The steam dragon claws you but does no damage.
You hit the steam dragon.
The steam dragon is moderately wounded.
The steam dragon bites you but does no damage.
The steam dragon claws you.
* * * LOW HITPOINT WARNING * * *
You take 2 damage, and have 14/50 hp.
You barely miss the steam dragon.
The steam dragon is moderately wounded.
The steam dragon misses you.
The steam dragon claws you but does no damage.
You hit the steam dragon.
You punch the steam dragon, but do no damage.
The steam dragon is moderately wounded.
The steam dragon barely misses you.
The steam dragon claws you but does no damage.
You hit the steam dragon.
The steam dragon is heavily wounded.
The steam dragon closely misses you.
The steam dragon claws you but does no damage.
You barely miss the steam dragon.
The steam dragon is heavily wounded.
The steam dragon barely misses you. The steam dragon closely misses you.
You hit the steam dragon but do no damage.
The steam dragon is heavily wounded.
The steam dragon breathes steam at you. The ball of steam hits you.
* * * LOW HITPOINT WARNING * * *
You take 5 damage, and have 10/50 hp.
You barely miss the steam dragon.
The steam dragon is heavily wounded.
You are engulfed in a cloud of scalding steam.
* * * LOW HITPOINT WARNING * * *
The steam dragon bites you.
You die...

..# #..# #..#
.####..#
...<@..########
....D..........
....................
......#######.#######
... ................
.#.###..#.....#####.
...#.#.#.#.#.#.#....
..#.#.#.#.#.#.#.#
...#.#.#.#.#.#.#.#


You could see a steam dragon.

Vanquished Creatures
  Sigmund (D:3)
  Menkaure (D:5)
  2 ogres
  2 centaurs (D:5)
  A phantom (D:3)
  3 scorpions
  A howler monkey (D:4)
  5 hounds
  A jelly (D:4)
  2 orc wizards (D:3)
  3 iguanas
  8 adders
  A gnoll (D:5)
  2 white imps (D:5)
  An ufetubus (D:5)
  4 worms
  3 dart slugs
  10 orcs
  3 endoplasms
  2 giant cockroaches (D:1)
  4 hobgoblins
  3 jackals (D:2)
  4 kobolds
  3 quokkas
  5 ball pythons
  4 bats
  A frilled lizard (D:1)
  11 goblins
  2 rats
93 creatures vanquished.

Notes
Turn   | Place    | Note
-------+----------+-------------------------------------------
     0 | D:1      | Ofeo the Kobold Brigand began the quest for the Orb.
     0 | D:1      | Reached XP level 1. HP: 12/12 MP: 1/1
   488 | D:1      | Reached XP level 2. HP: 17/18 MP: 2/2
   565 | D:1      | Found a faded altar of an unknown god.
  1061 | D:2      | Reached XP level 3. HP: 22/22 MP: 3/3
  1251 | D:2      | Reached XP level 4. HP: 27/27 MP: 4/4
  1816 | D:3      | Found a glowing silver altar of Zin.
  1872 | D:3      | Found a blossoming altar of Fedhas.
  1940 | D:3      | Reached skill level 6 in Stealth
  1940 | D:3      | Reached XP level 5. HP: 31/32 MP: 5/5
  1995 | D:3      | Noticed Sigmund
  2005 | D:3      | Killed Sigmund
  2006 | D:3      | Reached XP level 6. HP: 11/37 MP: 6/6
  3140 | D:4      | Found a radiant altar of Vehumet.
  3308 | D:3      | Reached XP level 7. HP: 19/42 MP: 7/7
  3601 | D:4      | Reached skill level 5 in Short Blades
  3601 | D:4      | Reached skill level 7 in Stealth
  4677 | D:5      | Entered Level 5 of the Dungeon
  4873 | D:5      | Noticed Menkaure
  4877 | D:5      | Killed Menkaure
  4878 | D:5      | Reached XP level 8. HP: 48/48 MP: 8/8
  5536 | D:5      | Reached skill level 5 in Fighting
  5536 | D:5      | Reached skill level 5 in Dodging
  5563 | D:5      | Reached skill level 8 in Stealth
  5605 | D:5      | Reached skill level 5 in Throwing
  5768 | D:5      | Noticed a vampire
  6626 | D:6      | Found Suanouk's Jewellery Emporium.
  6739 | D:6      | Slain by a steam dragon

Illustrated notes

Levels and vault maps discovered:
D:1:      evilmike_arrival_rings, layout_loops_ring,
          hellmonk_ecumenical_altar_run_dry, minmay_distorted
D:2:      layout_rooms
D:3:      layout_loops_ring, mainiacjoe_overflow_catwalk_spiral,
          grunt_ministairs_9, uniq_sigmund
D:4:      layout_basic, vehumet_altar_wand_db
D:5:      minmay_clustersquares, layout_basic, minmay_temple_entry_proselytizer,
          uniq_menkaure
D:6:      layout_basic, serial_shops, shop, shop, nicolae_shop_peninsula,
          minivault_5

Skill      XL: |  1  2  3  4  5  6  7  8 |
---------------+-------------------------+-----
Short Blades   | 3 4 5 6 |  6.5
Dodging        | 2 3 4 5 |  5.5
Fighting       | 3 4 5 |  5.4
Throwing       | 3 4 5 |  5.4
Stealth        | 6 7 8 |  8.4

Action                     |  1- 3 |  4- 6 |  7- 9 || total
---------------------------+-------+-------+-------++-------
  Melee: Dagger            |    47 |    96 |   135 ||   278
         Punch             |       |     3 |     1 ||     4
  Throw: Dart              |       |     5 |     5 ||    10
  Evoke: Wand              |       |     3 |       ||     3
    Use: Scroll            |       |    10 |     7 ||    17
         Potion            |       |     1 |     1 ||     2
   Stab: Sleeping          |    16 |     9 |    14 ||    39
 Armour: Robe              |     4 |    20 |       ||    24
         Ring mail         |       |       |    41 ||    41
  Dodge: Dodged            |    24 |    81 |   115 ||   220

Table legend: (Time is in decaauts)
 A = Elapsed time spent in this place.
 B = Non-inter-level travel time spent in this place.
 C = Inter-level travel time spent in this place.
 D = Time resting spent in this place.
 E = Time spent auto-exploring this place.
 F = Levels seen in this place.
 G = Mean time per level.
                   A        B        C        D        E       F      G
               +--------+--------+--------+--------+--------+-----+--------+
         Total |   6748 |   6607 |    141 |   1005 |   4711 |   6 | 1124.7 |
       Dungeon |   6748 |   6607 |    141 |   1005 |   4711 |   6 | 1124.7 |
               +--------+--------+--------+--------+--------+-----+--------+

Top non-repeatable levels by time:
     D:5: 1807 daAuts
     D:3: 1492 daAuts
     D:4: 1458 daAuts
     D:1: 994 daAuts
     D:2: 783 daAuts
     D:6: 211 daAuts
